 Dungeon Crawl Stone Soup version 0.22.0-25-g7663229ff0 (webtiles) character file.

87 Merkmirnix the Chopper (level 4, -7/38 HPs)
             Began as a Minotaur Gladiator on Aug 21, 2018.
             Mangled by Grinder (9 damage)
             ... while paralysed by Grinder
             ... on level 3 of the Dungeon.
             The game lasted 00:04:11 (1207 turns).

Merkmirnix the Chopper (Minotaur Gladiator)         Turns: 1207, Time: 00:04:11

Health: -7/38      AC:  4    Str: 20    XL:     4   Next: 28%
Magic:  3/3        EV:  2    Int:  5    God:
Gold:   161        SH:  0    Dex: 11    Spells: 3/3 levels left

rFire    . . .     SeeInvis .   a - +0 war axe
rCold    . . .     Gourm    .   (no shield)
rNeg     . . .     Faith    .   b - +0 leather armour
rPois    .         Spirit   .   c - +0 hat
rElec    .         Reflect  .   (no cloak)
rCorr    .         Harm     .   q - +0 pair of gloves
MR       .....                  (no boots)
Stlth    +.........             (no amulet)
HPRegen  0.12/turn              (no ring)
MPRegen  0.08/turn              (no ring)

@: paralysed
A: retaliatory headbutt, horns 2
a: no special abilities


You were on level 3 of the Dungeon.
You were very hungry.

You visited 1 branch of the dungeon, and saw 3 of its levels.

You collected 161 gold pieces.

Inventory:

Hand Weapons
 a - a +0 war axe (weapon)
Missiles
 d - 3 throwing nets (quivered)
Armour
 b - a +0 leather armour (worn)
 c - a +0 hat (worn)
 q - a +0 pair of gloves (worn)
Scrolls
 e - 4 scrolls of remove curse {unknown}
 g - a scroll of amnesia {unknown}
 j - 3 scrolls of identify {unknown}
 l - 4 scrolls of magic mapping {unknown}
 n - a scroll of teleportation {unknown}
 r - a scroll of immolation {unknown}
 s - a scroll of noise {unknown}
 t - a scroll of blinking {unknown}
Potions
 h - 2 potions of curing {unknown}
 i - a potion of flight {unknown}
 k - 3 potions of heal wounds {unknown}
 m - a potion of mutation {unknown}
 o - a potion of invisibility {unknown}
 p - a potion of degeneration {unknown}
Comestibles
 f - 4 rations


   Skills:
 + Level 3.0 Fighting
 + Level 5.2 Axes
 - Level 2.0 Throwing
 * Level 3.9 Dodging
 * Level 0.5 Stealth


You had 3 spell levels left.
You didn't know any spells.
Your spell library contained the following spells:

 Spells                   Type           Power        Failure   Level  Hunger
 Confusing Touch          Hex            #.....       54%         1    ##.....
 Confuse                  Hex            #.......     88%         3    ####...
 Gell's Gravitas          Tloc           #.........   88%         3    ####...
 Petrify                  Tmut/Erth      #.......     99%         4    #####..
 Metabolic Englaciation   Hex/Ice        #.........   100%        5    ######.
 Yara's Violent Unravell  Hex/Tmut       #.........   100%        5    ######.


Dungeon Overview and Level Annotations

Branches:
Dungeon (3/15)

Altars:
Ashenzari
Cheibriados

Annotations:
D:3 Grinder


Innate Abilities, Weirdness & Mutations

You reflexively headbutt those who attack you in melee.
You have a pair of horns on your head.


Message History

Grinder hits you!
* * * LOW HITPOINT WARNING * * *
You writhe in agony.
* * * LOW HITPOINT WARNING * * *
You closely miss Grinder.
Grinder is moderately wounded.
Grinder hits you but does no damage.
You closely miss Grinder. You headbutt Grinder.
Grinder is heavily wounded.
Grinder hits you.
* * * LOW HITPOINT WARNING * * *
You writhe in agony.
* * * LOW HITPOINT WARNING * * *
You closely miss Grinder. You headbutt Grinder, but do no damage.
Grinder is heavily wounded.
Grinder gestures at you.
You suddenly lose the ability to move!
Grinder says, "There's only one good use for a tongue: cutting it out."
Grinder hits you!
You die...

# #.. #. ..
###. ..# ...#
..#
.####..###..#
........?...#
#.#5#...#
#.#.@#..#
#.##....#
#.##.##.....
#....# ###.
##...## # #.
#....#.## #.#
##.......#
#.Y#
##........#
#..#
##.........#


You could see Grinder.

Vanquished Creatures
  An adder (D:2)
  An ooze (D:1)
  3 worms
  4 dart slugs
  3 leopard geckos
  An orc (D:3)
  8 goblins
  10 hobgoblins
  4 kobolds
  6 bats
  5 frilled lizards
  8 rats
54 creatures vanquished.

Notes
Turn   | Place    | Note
-------+----------+-------------------------------------------
     0 | D:1      | Merkmirnix the Minotaur Gladiator began the quest for the Orb.
     0 | D:1      | Reached XP level 1. HP: 18/18 MP: 0/0
    80 | D:1      | Reached skill level 4 in Axes
    80 | D:1      | Reached XP level 2. HP: 17/25 MP: 1/1
   376 | D:1      | Reached XP level 3. HP: 23/30 MP: 2/2
   659 | D:2      | Found a snail-covered altar of Cheibriados.
   723 | D:2      | Reached skill level 5 in Axes
   775 | D:2      | Reached XP level 4. HP: 10/38 MP: 3/3
   817 | D:2      | Found a shattered altar of Ashenzari.
  1170 | D:3      | Noticed an ice beast
  1193 | D:3      | Noticed Grinder
  1206 | D:3      | Paralysed by Grinder for 5 turns
  1207 | D:3      | Mangled by Grinder

Skill      XL: |  1  2  3 |
---------------+----------+-----
Axes           | 4 5 |  5.2
Fighting       | 3 |  3.0
Throwing       | |  2.0
Dodging        | |  3.9
Stealth        | |  0.5

Action                   |  1- 3 |  4- 6 || total
-------------------------+-------+-------++-------
Melee: War axe           |    91 |    25 ||   116
       Headbutt          |    11 |     5 ||    16
Armor: Leather armour    |    24 |     4 ||    28
Dodge: Dodged            |    90 |    16 ||   106
